 Dungeon Crawl Stone Soup version 0.31-a0-986-g5e6e4ef867 (webtiles) character file.

Game seed: 4127914084988933842

294 Jeffwins the Ruffian (level 6, -5/37 HPs)
             Began as a Draconian Shapeshifter on Nov 24, 2023.
             Killed by divine providence
             ... invoked by an orc priest
              (12 damage)
             ... on level 5 of the Dungeon.
             The game lasted 00:05:24 (3411 turns).

Jeffwins the Ruffian (Draconian Shapeshifter)       Turns: 3411, Time: 00:05:24

Health: -5/37      AC:  7    Str: 16    XL:     6   Next: 11%
Magic:  6/6        EV: 17    Int: 12    God:
Gold:   263        SH:  0    Dex: 11    Spells: 5/5 levels left

rFire   . .          .
                       - Unarmed
rCold   . . .        (shield currently unavailable)
rNeg    . . .        (body armour unavailable)
rPois   +            (helmet restricted)
rElec   .            (no cloak)
rCorr   .            (no gloves)
SInv    .            o - +0 pair of boots
Will    .....        (no amulet)
Stlth   +            P - ring of poison resistance
HPRegen 0.26/turn    E - +5 ring of evasion
MPRegen 0.10/turn

%: no passive effects
@: flux-form, attractive, glowing
A: glow, contaminating, reduced hp, AC +6, unfitting armour, cold-blooded
a: Begin Untransformation


You were on level 5 of the Dungeon.
You were something dangerously unstable.
You visited 1 branch of the dungeon, and saw 5 of its levels.

You collected 263 gold pieces.


Innate Abilities, Weirdness & Mutations

You are something dangerously unstable.
You glow with magical radiation, making you easy to see and hit.
Foes you strike become dangerously contaminated with magical radiation.
Your maximum health is decreased, since you lack skill for your form.
You are incapable of wielding weapons or throwing items.
Your plain brown scales are hard. (AC +6)
You cannot fit into any form of body armour.
You are cold-blooded and may be slowed by cold attacks.


   Skills:
 - Level 1.1 Fighting
 - Level 2.0 Dodging
 * Level 5.2 Unarmed Combat
 + Level 0.0 Evocations
 * Level 4.9 Shapeshifting


You had 5 spell levels left.
You didn't know any spells.
Your spell library contained the following spells:

 Spells                   Type           Power      Damage    Failure   Level
 Summon Guardian Golem    Hex/Summ       0%         N/A       69%         3
 Orb of Destruction       Conj           0%         9d5       100%        7
 Spellforged Servitor     Conj/Summ      0%         N/A       100%        7

Inventory:

Missiles
 s - a throwing net {=f}
Armour
 o - a +0 pair of boots (worn)
 p - a +0 kite shield
Jewellery
 E - a +5 ring of evasion (right hand)
 P - a ring of poison resistance (left hand)
Talismans
 b - a beast talisman
 c - a flux talisman (active)
 m - a maw talisman
Wands
 j - a wand of charming (10)
Scrolls
 f - 6 scrolls of identify {unknown}
 h - a scroll of poison {unknown}
 k - 5 scrolls of teleportation {unknown}
 n - 2 scrolls of noise {unknown}
 t - a scroll of acquirement {unknown}
Potions
 a - 4 potions of lignification {!q}
 d - a potion of magic
 e - a potion of attraction {!q}
 g - a potion of berserk rage {unknown}
 i - a potion of degeneration {unknown}
 l - 2 potions of curing {unknown}
 r - a potion of mutation {unknown}

Dungeon Overview and Level Annotations

Branches:
Dungeon (5/15)
 Temple: D:4-7

Altars:
Qazlal
Trog

Shops:
D:1 [   D:2 [ D:5

!
.~♣~~♣~~.♣.P♣♣.
...~.~~~~~~~~..
#~P♣♣~...~♣P♣♣.
# ♣♣P~♣♣♣ ♣
♣♣~♣ ♣.♣♣ ♣♣.~♣
♣..♣♣ ##.p#
##o{o.....
#########


You could see 2 orc priests.


Message History

You barely miss the orc.
The orc is lightly wounded.
The orc closely misses you.
Unknown command.
You hit the orc but do no damage.
The orc shudders as magic cascades through it!
You kill the orc!
Unknown command.
You hit the orc priest.
The orc priest begins to glow.
You tail-slap the orc priest.
The orc priest is heavily wounded.
The orc priest calls down the wrath of Beogh upon you.
Beogh smites you!
The orc priest mumbles some strange prayers to Beogh against you.
Beogh smites you!
* * * LOW HITPOINT WARNING * * *
The orc wizard mumbles some strange words.
The orc wizard flickers and vanishes!
Deactivating autopickup; reactivate with Ctrl-A.
Okay, then.
Unknown command.
It was a potion of attraction.
You feel attractive to monsters. The orc priest barely misses you.
Something hits you.
* * * LOW HITPOINT WARNING * * *
Unknown command.
It was a potion of magic.
Magic courses through your body.
The orc priest invokes the aid of Beogh against you.
Beogh smites you!
You die...

Skill      XL: |  1  2  3  4  5 |
---------------+----------------+-----
Dodging        | 2 |  2.0
Unarmed Combat | 4 5 |  5.2
Shapeshifting  | 4 |  4.9
Fighting       | |  1.1

Action                     |  1- 3 |  4- 6 || total
---------------------------+-------+-------++-------
  Melee: Unarmed           |    92 |   121 ||   213
         Tailslap          |    10 |    19 ||    29
         Punch             |     2 |     4 ||     6
    Use: Potion            |       |     2 ||     2
   Stab: Sleeping          |       |     1 ||     1
 Armour: Skin              |    41 |    50 ||    91
  Dodge: Dodged            |    51 |    93 ||   144
   Form: Flux              |       |     1 ||     1

Levels and vault maps discovered:
D:1:      sevenhm_arrival_forest_fort_large_2, layout_basic, serial_shops, shop,
          minmay_misc_feat_encased
D:2:      layout_rooms, serial_shops, shop, shapermc_ecumenical_altar_acropolis
D:3:      layout_rooms, old_standard_altar, nicolae_qazlal_scattered_showers,
          wander_ebering_terrifying_dragon_lair
D:4:      layout_basic, serial_aquarium, aquarium_bridge_square
          [aquarium_subvault_balcony, aquarium_subvault_window,
          aquarium_subvault_bridge, aquarium_subvault_wall],
          aquarium_window_fake, aquarium_window_corridor_3, aquarium_view_2e,
          aquarium_view_2d, aquarium_pool_2
D:5:      layout_loops_ring, mainiacjoe_overflow_tiny_flanked, serial_bayou,
          serial_bayou_pond_d, serial_bayou_pond_d, serial_bayou_crossing,
          serial_bayou_pond_c, serial_shops, nicolae_shop_industrial_runoff,
          shop

Notes
Turn   | Place    | Note
-------+----------+-------------------------------------------
     0 | D:1      | Jeffwins the Draconian Shapeshifter began the quest for the
                  | Orb.
     0 | D:1      | Reached XP level 1. HP: 16/16 MP: 1/1
    58 | D:1      | Found Cebuo's Armour Shoppe.
   489 | D:1      | Reached XP level 2. HP: 21/23 MP: 2/2
   850 | D:2      | You fall into a shaft and drop 1 floor!
   851 | D:3      | Found a bloodstained altar of Trog.
   861 | D:3      | Reached skill level 2 in Dodging
   878 | D:3      | HP: 1/23 [worm (7)]
  1064 | D:2      | Reached XP level 3. HP: 15/28 MP: 3/3
  1322 | D:2      | Found a faded altar of an unknown god.
  1329 | D:2      | Found Zanisoa's Antique Armour Emporium.
  1412 | D:2      | Reached skill level 4 in Unarmed Combat
  1412 | D:2      | Reached skill level 4 in Shapeshifting
  1412 | D:2      | Reached XP level 4. HP: 23/35 MP: 4/4
  1959 | D:3      | Found a stormy altar of Qazlal.
  2509 | D:4      | Reached XP level 5. HP: 30/40 MP: 5/5
  2962 | D:5      | Entered Level 5 of the Dungeon
  2971 | D:5      | Found Cubud's Distillery.
  3108 | D:5      | Reached skill level 5 in Unarmed Combat
  3251 | D:5      | Reached XP level 6. HP: 26/47 MP: 6/6
  3411 | D:5      | Killed from afar by an orc priest

Vanquished Creatures
  A hound (D:4)
  A jelly (D:5)
  2 orc priests
  An orc wizard (D:4)
  4 gnolls (D:4)
  2 adders (D:2)
  A white imp (D:5)
  2 worms
  A dart slug (D:3)
  14 orcs
  3 endoplasms
  4 giant cockroaches
  3 goblins
  7 hobgoblins
  2 jackals (D:2)
  3 quokkas
  5 ball pythons
  3 frilled lizards
  4 kobolds
  3 rats
66 creatures vanquished.

Table legend: (Time is in decaauts)
 A = Elapsed time spent in this place.
 B = Non-inter-level travel time spent in this place.
 C = Inter-level travel time spent in this place.
 D = Time resting spent in this place.
 E = Time spent auto-exploring this place.
 F = Levels seen in this place.
 G = Mean time per level.
                   A        B        C        D        E       F      G
               +--------+--------+--------+--------+--------+-----+--------+
         Total |   3406 |   3282 |    124 |    153 |   2554 |   5 |  681.2 |
       Dungeon |   3406 |   3282 |    124 |    153 |   2554 |   5 |  681.2 |
               +--------+--------+--------+--------+--------+-----+--------+

Top non-repeatable levels by time:
     D:4: 934 daAuts
     D:1: 766 daAuts
     D:2: 695 daAuts
     D:3: 668 daAuts
     D:5: 342 daAuts

Table legend:
 A = Non-vault XP
 B = Vault XP
 C = Vault XP percentage of total XP
 D = Non-vault monster count
 E = Vault monster count
 F = Vault count percentage of total count
                 A         B        C        D         E       F
            +---------+---------+-------+---------+---------+-------
      Total |     420 |       1 |   0.2 |      65 |       1 |   1.5
            +---------+---------+-------+---------+---------+-------
        D:1 |      13 |       0 |   0.0 |       8 |       0 |   0.0
        D:2 |     112 |       0 |   0.0 |      23 |       0 |   0.0
        D:3 |      46 |       1 |   2.1 |      19 |       1 |   5.0
        D:4 |     143 |       0 |   0.0 |       9 |       0 |   0.0
        D:5 |     106 |       0 |   0.0 |       6 |       0 |   0.0
            +---------+---------+-------+---------+---------+-------
